 Dungeon Crawl Stone Soup version 0.32-a0-842-gbbb8fdbe59 (webtiles) character file.

Game seed: 12258302073603990952

16 AeshMezareph the Shield-Bearer (level 2, -2/27 HPs)
             Began as a Minotaur Fighter on Mar 27, 2024.
             Slain by a cerulean imp
             ... wielding a +0 spear
             ... summoned by Natasha
              (4 damage)
             ... on level 2 of the Dungeon.
             The game lasted 00:00:55 (913 turns).

AeshMezareph the Shield-Bearer (Minotaur Fighter)    Turns: 913, Time: 00:00:56

Health: -2/27      AC:  7    Str: 20    XL:     2   Next: 37%
Magic:  1/1        EV:  8    Int:  5    God:
Gold:   148        SH:  4    Dex:  9    Spells: 1/1 levels left

rFire   . . .        a - +0 war axe
rCold   . . .        c - +0 buckler
rNeg    . . .        b - +0 scale mail
rPois   .            (helmet restricted)
rElec   .            (no cloak)
rCorr   .            (no gloves)
SInv    .            (no boots)
Will    .....        (no amulet) Stlth
                     (no ring)
HPRegen 0.24/turn    (no ring)
MPRegen 0.07/turn

%: no passive effects
@: slowed, very slow
A: horns 2, retaliatory headbutt
a: no special abilities


You were on level 2 of the Dungeon.
You visited 1 branch of the dungeon, and saw 2 of its levels.

You collected 148 gold pieces.

Inventory:

Hand Weapons
 a - a +0 war axe (weapon)
Armour
 b - a +0 scale mail (worn)
 c - a +0 buckler (worn)
Scrolls
 e - 2 scrolls of teleportation {unknown}
 f - a scroll of brand weapon {unknown}
 j - a scroll of immolation {unknown}
 k - a scroll of enchant armour {unknown}
Potions
 d - a potion of might
 g - a potion of cancellation {unknown}
 h - a potion of invisibility {unknown}
 i - a potion of heal wounds {unknown}


   Skills:
 + Level 3.9 Fighting
 + Level 2.7 Axes
 + Level 3.9 Armour
 + Level 3.9 Shields


You had one spell level left.
You didn't know any spells.
Your spell library was empty.

Dungeon Overview and Level Annotations

Branches:
Dungeon (2/15)

Altars:

Annotations:
D:2 Natasha


Innate Abilities, Weirdness & Mutations

You have a pair of horns on your head.
You reflexively headbutt those who attack you in melee.


Message History

The cerulean imp barely misses you. Natasha claws you.
The cerulean imp closely misses you. Natasha closely misses you.
You closely miss Natasha. Your headbutt misses Natasha.
Natasha is almost dead.
The cerulean imp hits you but does no damage.
Natasha casts a spell.
You closely miss Natasha.
Natasha is almost dead.
The cerulean imp hits you from afar with a +0 spear.
Natasha casts a spell.
Unknown command.
You hit Natasha but do no damage.
Natasha is almost dead.
You barely miss the cerulean imp.
The cerulean imp hits you but does no damage.
Natasha claws you.
* * * LOW HITPOINT WARNING * * *
The cerulean imp hits you from afar with a +1 spear.
* * * LOW HITPOINT WARNING * * *
The cerulean imp closely misses you. The cerulean imp barely misses you.
Natasha stares at you and mumbles some strange words.
You feel yourself slow down.
The cerulean imp hits you but does no damage.
You closely miss Natasha. Your headbutt misses Natasha.
Natasha is almost dead.
You hit the cerulean imp but do no damage.
The cerulean imp disappears in a puff of smoke!
The cerulean imp hits you but does no damage.
Natasha claws you but does no damage.
The cerulean imp hits you from afar with a +1 spear.
* * * LOW HITPOINT WARNING * * *
The cerulean imp hits you with a +0 spear.
* * * LOW HITPOINT WARNING * * *
Natasha casts a spell.
You block the cerulean imp's attack.
You barely miss Natasha.
Natasha is almost dead.
You closely miss the cerulean imp. x2
The cerulean imp hits you with a +0 spear.
You die...

.. # . #.#
###... #.####
.$..#. #.#..#
..$... #....#
......##[..#
####.....5.#
?$?#..55h§#
[|$#...@..#
$[(#...<..#
####...##...#
....... ###.#
....... ..#
####### .!#
.# .#


You could see Natasha and 3 cerulean imps.

Vanquished Creatures
  A bat (D:1)
  An endoplasm (D:1)
  A giant cockroach (D:2)
  A goblin (D:1)
  A hobgoblin (D:1)
  5 kobolds (D:1)
  5 rats (D:1)
15 creatures vanquished.

Notes
Turn   | Place    | Note
-------+----------+-------------------------------------------
     0 | D:1      | AeshMezareph the Minotaur Fighter began the quest for the
                  | Orb.
     0 | D:1      | Reached XP level 1. HP: 19/19 MP: 0/0
   307 | D:1      | Reached XP level 2. HP: 27/27 MP: 1/1
   348 | D:1      | Found a faded altar of an unknown god.
   877 | D:2      | Noticed Natasha
   912 | D:2      | HP: 1/27 [cerulean imp/+0 spear[Natasha] (2)]
   913 | D:2      | Slain by a cerulean imp

Illustrated notes

Levels and vault maps discovered:
D:1:      dpeg_arrival_ternary, layout_basic,
          ebering_ecumenical_altar_abandoned, dreamdust_wishing_well
D:2:      layout_rooms, due_unseen_surprise, uniq_natasha, uniq_jessica

Action                     || total
---------------------------++-------
  Melee: War axe           ||    35
         Headbutt          ||     6
 Armour: Scale mail        ||    43
  Dodge: Dodged            ||    11
  Block: Buckler           ||     8

Table legend: (Time is in decaauts)
 A = Elapsed time spent in this place.
 B = Non-inter-level travel time spent in this place.
 C = Inter-level travel time spent in this place.
 D = Time resting spent in this place.
 E = Time spent auto-exploring this place.
 F = Levels seen in this place.
 G = Mean time per level.
                   A        B        C        D        E       F      G
               +--------+--------+--------+--------+--------+-----+--------+
         Total |    928 |    841 |     87 |     18 |    715 |   2 |  464.0 |
       Dungeon |    928 |    841 |     87 |     18 |    715 |   2 |  464.0 |
               +--------+--------+--------+--------+--------+-----+--------+

Top non-repeatable levels by time:
     D:1: 908 daAuts
     D:2: 20 daAuts
